Workbook
Name DemolitionFosseSeptiqueRaccordementReseau: 'DETAIL PRESTATIONS'!$B$12:$B$21
Name ListePrestations: 'DETAIL PRESTATIONS'!$K$2:$K$3
Name ListePrestations2: 'DETAIL PRESTATIONS'!$J$2:$J$3
Name PrestationsBase: "Tarifs{Prestations}"
Name RemplacementToiture: 'DETAIL PRESTATIONS'!$B$2:$B$11
Name Tarifs: Tableau2[[PRESTATIONS]:[ZONE 4]]

Sheet DEVIS
G11: =TODAY() -> 43723
E14: Madame
B20: NATURE DES TRAVAUX | C20: REMPLACEMENT DE LA TOITURE | L20: =VLOOKUP(C20,'DETAIL PRESTATIONS'!J2:K3,2,0) -> RemplacementToiture
B22: Nature des travaux | D22: Zone | E22: Qté | F22: u | G22: Prix unitaire | H22: Montant H.T.
B23: Montage & démontage de l'échafaudage (forfait) | E23: 1 | G23: =IF(B23="","",(VLOOKUP(B23,'DETAIL PRESTATIONS'!$B$2:$C$30,2,0))) -> 550 | H23: =IF(G23="","",(E23*G23)) -> 550
B24: Réalisation sous-toiture | E24: 230 | F24: m2 | G24: =IF(B24="","",(VLOOKUP(B24,'DETAIL PRESTATIONS'!$B$2:$C$30,2,0))) -> 7 | H24: =IF(G24="","",(E24*G24)) -> 1610
F25: m2 | G25: =IF(B25="","",(VLOOKUP(B25,'DETAIL PRESTATIONS'!$B$2:$C$30,2,0))) | H25: =IF(G25="","",(E25*G25))
F26: m2 | G26: =IF(B26="","",(VLOOKUP(B26,'DETAIL PRESTATIONS'!$B$2:$C$30,2,0))) | H26: =IF(G26="","",(E26*G26))
G27: =IF(B27="","",(VLOOKUP(B27,'DETAIL PRESTATIONS'!$B$2:$C$30,2,0))) | H27: =IF(G27="","",(E27*G27))
G28: =IF(B28="","",(VLOOKUP(B28,'DETAIL PRESTATIONS'!$B$2:$C$30,2,0))) | H28: =IF(G28="","",(E28*G28))
G29: =IF(B29="","",(VLOOKUP(B29,'DETAIL PRESTATIONS'!$B$2:$C$30,2,0))) | H29: =IF(G29="","",(E29*G29))
G30: =IF(B30="","",(VLOOKUP(B30,'DETAIL PRESTATIONS'!$B$2:$C$30,2,0))) | H30: =IF(G30="","",(E30*G30))
G31: =IF(B31="","",(VLOOKUP(B31,'DETAIL PRESTATIONS'!$B$2:$C$30,2,0))) | H31: =IF(G31="","",(E31*G31))
G32: =IF(B32="","",(VLOOKUP(B32,'DETAIL PRESTATIONS'!$B$2:$C$30,2,0))) | H32: =IF(G32="","",(E32*G32))
G33: =IF(B33="","",(VLOOKUP(B33,'DETAIL PRESTATIONS'!$B$2:$C$30,2,0))) | H33: =IF(G33="","",(E33*G33))
E34: Total hors taxes | H34: =SUM(H23:H33) -> 2160
E35: TVA | G35: 0.1 | H35: =H34*G35 -> 216
E36: Total TTC | H36: =SUM(H34:H35) -> 2376
B39: Conditions de règlement :
B40: Acompte de 30% au commencement des travaux : | E40: =H36*30% -> 712.8
B41: Solde à la livraison : | E41: =H36-E40 -> 1663.2

Sheet DETAIL PRESTATIONS
A1: TITRE | B1: PRESTATIONS | C1: FORFAIT | D1: ZONE 1 | E1: ZONE 2 | F1: ZONE 3 | G1: ZONE 4
A2: RemplacementToiture | B2: Montage & démontage de l'échafaudage (forfait) | C2: 550 | D2: 550 | E2: 550 | F2: 550 | G2: 550 | J2: REMPLACEMENT DE LA TOITURE | K2: =Tableau2[[#This Row],[TITRE]] -> RemplacementToiture
B3: Démontage et évacuation des tuiles | C3: 17 | D3: 17 | E3: 17 | F3: 17 | G3: 17 | J3: DEMOLITION DE LA FOSSE SEPTIQUE ET RACCORDEMENT RESEAU | K3: =A12 -> DemolitionFosseSeptiqueRaccordementReseau
B4: Réalisation sous-toiture | C4: 7 | D4: 7 | E4: 7 | F4: 7 | G4: 7
B5: Remise en place des tuiles neuves | C5: 60 | D5: 60 | E5: 60 | F5: 60 | G5: 60
B6: x
B7: x
B8: x
B9: x
B10: x
B11: x
A12: DemolitionFosseSeptiqueRaccordementReseau | B12: Vidange de la fosse septique | C12: 150
B13: Démolition de la fosse septique | C13: 50
B14: Remplissage de la fosse septique et compactage | D14: 105
B15: Découpe béton et enrobé | D15: 2.15
B16: Fouille avec évacuation | D16: 50.77
B17: Pose tuyaux avec accessoires | D17: 12
B18: Rebouchage et compactage | D18: 105
B19: Remise en place béton et enrobé | D19: 90
B20: x
B21: x
